[Event "Early-Titled-Tuesday-Blitz-September-05-2023"]
[Site "Chess.com"]
[Date "2023.09.05"]
[Round "7"]
[White "nassimzrikem"]
[Black "Atanejhad"]
[Result "1-0"]
[WhiteElo "2256"]
[BlackElo "2359"]
[TimeControl "180+1"]
[EndTime "9:15:31 PDT"]
[Termination "nassimzrikem won by checkmate"]

1. d4 Nf6 2. Nf3 g6 3. Bg5 Bg7 4. Nbd2 O-O 5. c3 d5 6. e3 Bg4 7. h3 Bxf3 8. Qxf3 c6 9. h4 h6 10. Bxf6 exf6 11. h5 Nd7 12. Bd3 f5 13. O-O-O Nf6 14.
Rdg1 Qd7 15. hxg6 fxg6 16. Qg3 Kh7 17. f3 Rae8 18. Nf1 c5 19. dxc5 Qc8 20. Rh4 Qxc5 21. Rgh1 Rxe3 22. Nxe3 Qxe3+ 23. Kc2 Ne4 24. Qc7 Qd2+ 25.
Kb3 Qxd3 26. Rxh6+ Kg8 27. Rh8+ Bxh8 28. Qh7# 1-0

[Event "Early-Titled-Tuesday-Blitz-September-05-2023"]
[Site "Chess.com"]
[Date "2023.09.05"]
[Round "7"]
[White "Manukyan_Artak"]
[Black "Thecourseoisildur"]
[Result "1-0"]
[WhiteElo "2465"]
[BlackElo "2580"]
[TimeControl "180+1"]
[EndTime "9:15:35 PDT"]
[Termination "Manukyan_Artak won on time"]

1. e4 e5 2. Nf3 Nc6 3. d4 exd4 4.
Nxd4 Nf6 5. Nxc6 bxc6 6. e5 Qe7 7. Qe2 Nd5 8. c4 Nb6 9. b3 g6 10. g3 Bg7 11. Bb2 O-O 12. Bg2 Bb7 13. O-O d6 14. f4 Rab8 15. Re1 c5 16. Bxb7 Rxb7 17. Nd2 Na4 18. Nf3 Nxb2 19. Qxb2 dxe5 20. Nxe5 Rbb8 21. Qf2 Bxe5 22. Rxe5 Qd6 23. Qxc5 Qd2 24. Qf2 Qc3 25. Rae1 Rbd8 26. h4 Rd2 27. R5e2 Rd6 28. Kh2 a5 29.
Qe3 Qg7 30. Qe5 Qh6 31. Qxa5 Rfd8 32. Re8+ Rxe8 33. Rxe8+ Kg7 34. Qe5+ Rf6 35. Kh3 Qh5 36. Qxh5 gxh5 37. Re5 Ra6 38. a4 Rb6 39. Rb5 Ra6 40. Rxh5 c6 41. a5 Kg6 42. Rg5+ Kf6 43. b4 Ke6 44.
Rc5 Kd6 45. Rh5 1-0

[Event "Early-Titled-Tuesday-Blitz-September-05-2023"]
[Site "Chess.com"]
[Date "2023.09.05"]
[Round "7"]
[White "Vesper2018"]
[Black "smilingice"]
[Result "1-0"]
[WhiteElo "2585"]
[BlackElo "2414"]
[TimeControl "180+1"]
[EndTime "9:15:36 PDT"]
[Termination "Vesper2018 won by checkmate"]

1. e4 c5 2. Nc3 a6 3. Nge2 b5 4. d4 cxd4 5. Nxd4 Bb7 6. Be2 d6 7. O-O Nf6 8. f3 e6 9. Be3 Be7 10. Qd2 Nbd7 11. g4 Nb6 12. g5 Nfd7 13. f4 b4 14. Nd1 e5 15. Nf5 Bxe4 16. Nxg7+ Kf8 17. Nf2 Kxg7 18. Nxe4 d5 19. Ng3 d4 20. Bf2 Kf8 21.
fxe5 Nxe5 22. Bxd4 Bxg5 23. Bc5+ Kg8 24. Qxb4 Nd5 25.
Qe4 Qc7 26. Bd4 Bf6 27. Nh5 Re8 28. Qxd5 Bd8 29. Qg2+ Kf8 30. Qg7+ Ke7 31. Bxe5 Rhg8 32.
Rxf7+ Ke6 33. Nf4# 1-0

[Event "Early-Titled-Tuesday-Blitz-September-05-2023"]
[Site "Chess.com"]
[Date "2023.09.05"]
[Round "7"]
[White "Doudou2015"]
[Black "Zhani-Z"]
[Result "1-0"]
[WhiteElo "2173"]
[BlackElo "2250"]
[TimeControl "180+1"]
[EndTime "9:15:36 PDT"]
[Termination "Doudou2015 won by checkmate"]

1. b3 b6 2. Bb2 Bb7 3. e3 e6 4. f4 f5 5. Nf3 Nf6 6. Be2 Be7 7.
O-O O-O 8. h3 h6 9. d3 d6 10.
Re1 Re8 11. Nbd2 Nbd7 12. Nf1 Nf8 13. Ng3 Ng6 14. Qd2 Qd7 15. e4 fxe4 16. dxe4 Nxe4 17. Nxe4 Bxe4 18. Rad1 Rf8 19. Qd4 Bf6 20. Qxe4 Bxb2 21. Qxg6 Rxf4 22. Bd3 Raf8 23. Rxe6 Bf6 24. Rde1 Be5 25.
Nxe5 dxe5 26. R1xe5 Rf1+ 27. Bxf1 Qd4+ 28. Re3 Qf4 29.
Bc4 Qf2+ 30. Kh2 Qf4+ 31. Qg3 Qxg3+ 32. Rxg3 Kh8 33. Re7 b5 34. Rgxg7 Rf7 35. Rexf7 bxc4 36. bxc4 h5 37. Rxc7 h4 38. Rgd7 Kg8 39. Rc8# 1-0

[Event "Early-Titled-Tuesday-Blitz-September-05-2023"]
[Site "Chess.com"]
[Date "2023.09.05"]
[Round "7"]
[White "Rosh1610"]
[Black "Chernobay_Artem"]
[Result "1-0"]
[WhiteElo "2478"]
[BlackElo "2596"]
[TimeControl "180+1"]
[EndTime "9:15:37 PDT"]
[Termination "Rosh1610 won by resignation"]

1. e4 c5 2. Nf3 d6 3. d4 cxd4 4. Nxd4 Nf6 5. Nc3 a6 6. Bg5 Nbd7 7. Qe2 h6 8. Bd2 g6 9. h4 Bg7 10. g4 Nxg4 11. Nb3 Ngf6 12. O-O-O Qc7 13. h5 g5 14. f4 gxf4 15. Bxf4 Ne5 16. Bxe5 dxe5 17.
Bh3 Bxh3 18. Rxh3 Rd8 19. Rg1 Bf8 20. Rf3 Rg8 21. Rxg8 Nxg8 22. Nd5 Qd6 23. Na5 Rc8 24. Nxb7 Qc6 25. Na5 Qc5 26. Nb3 Qg1+ 27. Rf1 Qg5+ 28.
Kb1 e6 29. Qxa6 Qd8 30. Qb5+ Qd7 31. Qxd7+ 1-0

[Event "Early-Titled-Tuesday-Blitz-September-05-2023"]
[Site "Chess.com"]
[Date "2023.09.05"]
[Round "7"]
[White "korbul"]
[Black "ChEsper99"]
[Result "1-0"]
[WhiteElo "2589"]
[BlackElo "2172"]
[TimeControl "180+1"]
[EndTime "9:15:41 PDT"]
[Termination "korbul won by resignation"]

1. e4 c6 2. d4 d5 3. e5 Bf5 4. Bd3 Bxd3 5. Qxd3 e6 6. Nf3 c5 7. dxc5 Bxc5 8. O-O Nc6 9. a3 a6 10. b4 Bb6 11. c4 dxc4 12. Qxc4 Nge7 13. Bg5 Qd5 14. Nbd2 O-O 15. Qxd5 Nxd5 16. Ne4 h6 17. Bd2 Nd4 18.
Nd6 Nxf3+ 19. gxf3 Bd4 20. Rae1 Rab8 21. Re4 Bb6 22.
Be3 Nxe3 23. fxe3 Rfd8 24. Kf2 Bc7 25. Rd1 f6 26. Rc4 Bxd6 27. Rxd6 Rxd6 28. exd6 Rd8 29. Rc7 Rxd6 30. Rxb7 Kh7 31. e4 Rd2+ 32. Kg3 Ra2 33. Rb6 Rxa3 34. Rxe6 Rb3 35. Rb6 h5 36. h4 Kg6 37. Kf4 Rb2 38. e5 Rb3 39. e6 Rb1 40. Ke4 Re1+ 41. Kd5 Re5+ 42. Kd6 Kf5 43. e7 Re6+ 44.
Kd7 Rxb6 45. e8=Q Rxb4 46. Qxh5+ Kf4 47. Qg4+ 1-0

[Event "Early-Titled-Tuesday-Blitz-September-05-2023"]
[Site "Chess.com"]
[Date "2023.09.05"]
[Round "7"]
[White "FeketeBarika"]
[Black "PepeCuenca"]
[Result "0-1"]
[WhiteElo "2372"]
[BlackElo "2687"]
[TimeControl "180+1"]
[EndTime "9:15:42 PDT"]
[Termination "PepeCuenca won by resignation"]

1. Nf3 Nf6 2. c4 g6 3. b3 Bg7 4. Bb2 O-O 5. g3 d6 6. Bg2 e5 7. d3 Nc6 8. O-O a5 9. a3 Re8 10. Nbd2 d5 11. cxd5 Nxd5 12. Rc1 Bf6 13. Ne4 Bg7 14.
Nc5 Nd4 15. e3 Nxf3+ 16. Bxf3 c6 17. Qd2 Qe7 18. Bg2 h5 19. h4 Bg4 20. e4 Nb6 21. Qe3 Nc8 22. Na4 Be6 23. Nc5 Nd6 24. a4 Red8 25. Ba3 Bc8 26. Rc3 b6 27. Rfc1 bxc5 28.
Qxc5 Bb7 29. Qb6 Ra6 30. Bxd6 Rxd6 31. Qc5 Rd7 32. Qe3 Qd6 33. Bh3 Rd8 34. Rc5 Kh7 35. Bf1 Bh6 0-1

[Event "Early-Titled-Tuesday-Blitz-September-05-2023"]
[Site "Chess.com"]
[Date "2023.09.05"]
[Round "7"]
[White "LUISMIGUELOV"]
[Black "Zheenbekov86"]
[Result "0-1"]
[WhiteElo "2084"]
[BlackElo "2388"]
[TimeControl "180+1"]
[EndTime "9:15:42 PDT"]
[Termination "Zheenbekov86 won by resignation"]

1. e4 e5 2. Nf3 Nc6 3. Bc4 Nf6 4. d3 Be7 5. Bg5 O-O 6. c3 d5 7. Bxf6 dxc4 8. Bxe7 Qxe7 9. dxc4 Be6 10. b3 Rad8 11. Nbd2 f5 12. Qe2 f4 13. O-O-O Qa3+ 14. Kb1 a5 15. Ng5 Bc8 16. Ndf3 h6 17. Nh3 a4 18. Qb2 Qxb2+ 19. Kxb2 g5 20. Rd5 g4 21. Nxe5 Nxe5 22. Rxe5 gxh3 23. gxh3 Rd2+ 24. Ka3 axb3 25. axb3 Rxf2 26.
Rg1+ Kh8 27. Re7 c5 28. Rgg7 Bf5 29. b4 Ra8+ 30. Kb3 Bxe4 31. Rgf7 Bc2+ 32. Kb2 Bg6+ 33.
Kb3 Bxf7 34. Rxf7 cxb4 35. Kxb4 f3 36. Kc5 Kg8 37. Rxb7 Rd2 38. Rb6 f2 0-1

[Event "Early-Titled-Tuesday-Blitz-September-05-2023"]
[Site "Chess.com"]
[Date "2023.09.05"]
[Round "7"]
[White "MFatigue"]
[Black "Jumbo"]
[Result "0-1"]
[WhiteElo "2515"]
[BlackElo "2906"]
[TimeControl "180+1"]
[EndTime "9:15:45 PDT"]
[Termination "Jumbo won by resignation"]

1. e4 e6 2. d4 d5 3. Nc3 Nf6 4.
e5 Nfd7 5. f4 c5 6. Nf3 Nc6 7.
Be3 a6 8. Qd2 b5 9. dxc5 Bxc5 10. Bxc5 Nxc5 11. Qf2 Qb6 12. Bd3 h6 13. O-O O-O 14.
f5 b4 15. Ne2 exf5 16. Ned4 Ne4 17. Bxe4 fxe4 18. Nxc6 Qxc6 19. Nd4 Qc7 20. Qg3 Re8 21. Rf6 Qxe5 22. Qxe5 Rxe5 23. Rd6 Be6 24. Nc6 Rg5 25. Nxb4 Rb8 26. Nxa6 Rxb2 27. Rc6 d4 28. Nc7 d3 29. Nxe6 fxe6 30. a4 e3 31. cxd3 Rgxg2+ 32. Kh1 Rxh2+ 33.
Kg1 Rbg2+ 34. Kf1 e2+ 35. Ke1 Rh1+ 0-1

[Event "Early-Titled-Tuesday-Blitz-September-05-2023"]
[Site "Chess.com"]
[Date "2023.09.05"]
[Round "7"]
[White "ural58"]
[Black "Dmitry_Konenkin"]
[Result "1-0"]
[WhiteElo "2523"]
[BlackElo "2394"]
[TimeControl "180+1"]
[EndTime "9:15:45 PDT"]
[Termination "ural58 won by resignation"]

1. e4 d6 2. d4 Nf6 3. Nc3 e5 4. dxe5 dxe5 5. Qxd8+ Kxd8 6. Bd2 Be6 7. Nf3 Nbd7 8. Ng5 Bd6 9. Nxe6+ fxe6 10. Be2 Ke7 11. h4 a6 12. g4 Nc5 13. f3 b5 14. h5 Nfd7 15. Bg5+ Kf7 16. O-O-O Nb6 17. b3 Rhf8 18. Be3 Kg8 19. h6 g6 20. Rd2 Nc8 21. Bxc5 Bxc5 22. Rd7 Bd6 23. Rg7+ Kh8 24. a4 b4 25. Nd1 Re8 26. Ne3 Be7 27. Nc4 Nd6 28. Nxe5 Bg5+ 29.
Kb1 Bf6 30. Nf7+ Nxf7 31. Rxf7 Be5 32. f4 Bd6 33. e5 Be7 34. a5 Kg8 35. Rg7+ Kh8 36.
Bc4 Rad8 37. Bxa6 Ra8 38. Bb5 Rxa5 39. Bxe8 1-0

[Event "Early-Titled-Tuesday-Blitz-September-05-2023"]
[Site "Chess.com"]
[Date "2023.09.05"]
[Round "7"]
[White "EddieUrquhart"]
[Black "CristianS27"]
[Result "0-1"]
[WhiteElo "2385"]
[BlackElo "2512"]
[TimeControl "180+1"]
[EndTime "9:15:47 PDT"]
[Termination "CristianS27 won by resignation"]

1. e4 e5 2. Nf3 Nc6 3. d4 exd4 4. Bc4 Nf6 5. e5 d5 6. Bb5 Ne4 7. Nxd4 Bd7 8. Bxc6 bxc6 9. O-O Bc5 10. f3 Ng5 11. f4 Ne4 12. Nc3 Nxc3 13. bxc3 O-O 14.
Kh1 f6 15. Nb3 Bb6 16. a4 a5 17. Ba3 Re8 18. Qh5 Be6 19. Rae1 Bf7 20. Qf3 fxe5 21. fxe5 Bg6 22. Nd4 Be4 23. Qg3 c5 24. Nf5 Bxf5 25.
Rxf5 Re6 26. Ref1 Qd7 27. Qf3 h6 28. Rf7 Qxa4 29. Qg4 Qxg4 0-1

[Event "Early-Titled-Tuesday-Blitz-September-05-2023"]
[Site "Chess.com"]
[Date "2023.09.05"]
[Round "7"]
[White "CrushingKings"]
[Black "Qvalda"]
[Result "1-0"]
[WhiteElo "2552"]
[BlackElo "2378"]
[TimeControl "180+1"]
[EndTime "9:15:49 PDT"]
[Termination "CrushingKings won by resignation"]

1. Nf3 Nf6 2. g3 b6 3. Bg2 Bb7 4. O-O g6 5. d4 Bg7 6. c4 O-O 7.
d5 Na6 8. Nc3 Nc5 9. Nd4 a5 10.
e4 d6 11. h3 Qd7 12. Be3 e5 13. dxe6 fxe6 14. Qc2 e5 15. Nde2 Ne6 16. Rad1 c5 17. Na4 Qc7 18. Nec3 Nd4 19. Nb5 Qd8 20. Bxd4 exd4 21.
e5 Bxg2 22. exf6 Bxf1 23. fxg7 Kxg7 24. Rxf1 Rf3 25. Qe4 Qf8 26. Nxd6 Ra7 27. Nxb6 Re7 28. Qd5 Re2 29. Nd7 Rfxf2 30. Nxf8 1-0

[Event "Early-Titled-Tuesday-Blitz-September-05-2023"]
[Site "Chess.com"]
[Date "2023.09.05"]
[Round "7"]
[White "ChampStan"]
[Black "Witty_Alien"]
[Result "1-0"]
[WhiteElo "2125"]
[BlackElo "2164"]
[TimeControl "180+1"]
[EndTime "9:15:49 PDT"]
[Termination "ChampStan won by resignation"]

1. e4 c5 2. Nf3 d6 3. d4 cxd4 4. Nxd4 Nf6 5. Nc3 a6 6. h3 g6 7. g4 Bg7 8. Bg2 O-O 9. Be3 Nc6 10. Qd2 Bd7 11. O-O-O Na5 12. Bf1 Rc8 13. g5 Rxc3 14.
gxf6 Rxc2+ 15. Nxc2 Bxf6 16. Bd4 e5 17. Be3 Be6 18.
Qxd6 Bxa2 19. Rd3 Nb3+ 20. Kd1 Qc8 21. Qxf6 Bb1 22. Rc3 Bxc2+ 23. Rxc2 Rd8+ 24. Ke1 Qd7 25. Be2 Na1 26. Rc1 Nb3 27. Bh6 Qd2+ 28. Bxd2 1-0

[Event "Early-Titled-Tuesday-Blitz-September-05-2023"]
[Site "Chess.com"]
[Date "2023.09.05"]
[Round "7"]
[White "FARIZA2018"]
[Black "Goi_Manne"]
[Result "1-0"]
[WhiteElo "2530"]
[BlackElo "2319"]
[TimeControl "180+1"]
[EndTime "9:15:50 PDT"]
[Termination "FARIZA2018 won by resignation"]

1. e4 c6 2. d4 d5 3. Nc3 dxe4 4. Nxe4 Nf6 5. Qd3 Nxe4 6. Qxe4 Qd5 7. Qe3 Qe6 8. Nf3 Qxe3+ 9. Bxe3 Bf5 10. c4 e6 11. a3 Nd7 12. Be2 Bd6 13. O-O O-O 14. Rfd1 Rfd8 15. Rac1 c5 16. dxc5 Nxc5 17. Rxd6 Rxd6 18.
Bxc5 Rc6 19. b4 b6 20. Be3 Rc7 21. Bf4 Rd7 22. Ne5 Rd4 23. Be3 Rdd8 24. c5 bxc5 25.
bxc5 f6 26. Nc6 Rd7 27. Nd4 Be4 28. Nxe6 Kf7 29. c6 Bxc6 30. Rxc6 g5 31. h3 Kg6 32.
Nc5 Re7 33. Bd3+ Kg7 34. Ne6+ Kh6 35. Nd4 Rd7 36. Nf5+ Kg6 37. Be4 Rd1+ 38. Kh2 Kf7 39. Rc7+ Kg8 40. Nh6+ Kf8 41. Bc5+ Ke8 42. Re7+ Kd8 43.
Nf7+ Kc8 44. Bf5+ Kb8 45. Bd6+ Rxd6 46. Nxd6 1-0

[Event "Early-Titled-Tuesday-Blitz-September-05-2023"]
[Site "Chess.com"]
[Date "2023.09.05"]
[Round "7"]
[White "tk22h"]
[Black "MikeSailer"]
[Result "1-0"]
[WhiteElo "2384"]
[BlackElo "2169"]
[TimeControl "180+1"]
[EndTime "9:15:50 PDT"]
[Termination "tk22h won on time"]

1. d4 d5 2. Nf3 Nf6 3. c4 Bf5 4. Nc3 e6 5. Bg5 Be7 6. Bxf6 Bxf6 7. cxd5 exd5 8. Qb3 Be4 9. e3 O-O 10. Qxb7 Bxf3 11.
gxf3 Nd7 12. Qxd5 Qe7 13. Bd3 Rab8 14. Rb1 Nb6 15. Qe4 Qxe4 16. Nxe4 Be7 17. Ke2 Na4 18. b3 f5 19. bxa4 fxe4 20. Bxe4 c5 21. dxc5 Bxc5 22. Rb5 Bd6 23. h3 Rb6 24. Rhb1 Rfb8 25. Bd3 Kf7 26. Rxb6 Rxb6 27. Rxb6 axb6 28. f4 Bb4 29. Kf3 h6 30. e4 Kf6 31. e5+ Ke7 32. Ke4 Be1 33. f3 Bc3 34. Kf5 Bd2 35. Bc4 Bc1 36. Bb3 Bd2 37. h4 Bc1 38. h5 Bd2 39. Ke4 Bc1 40.
f5 Bd2 41. Kd5 Be3 42. Kc6 Bd4 43. f4 Be3 44. Bc4 Bxf4 45. Kxb6 Bxe5 46. a5 Kd8 47. Kb7 Bd4 48. a6 1-0

[Event "Early-Titled-Tuesday-Blitz-September-05-2023"]
[Site "Chess.com"]
[Date "2023.09.05"]
[Round "7"]
[White "ElenaPershina"]
[Black "Magila31"]
[Result "0-1"]
[WhiteElo "2314"]
[BlackElo "2427"]
[TimeControl "180+1"]
[EndTime "9:15:53 PDT"]
[Termination "Magila31 won by resignation"]

1. c4 g6 2. g3 Bg7 3. Bg2 Nf6 4.
Nc3 O-O 5. d4 d6 6. h3 c6 7. e4 Qa5 8. Ne2 Nbd7 9. O-O e5 10.
Be3 Qa6 11. b3 b5 12. cxb5 cxb5 13. f4 b4 14. fxe5 dxe5 15. Nd5 Nxd5 16. exd5 e4 17. Bxe4 Nf6 18. Bg2 Re8 19. Qd2 Ne4 20. Qc2 Bf5 21. g4 Rac8 22. Qb2 Bd7 23. Rae1 Bb5 24. Nf4 Bxf1 25. Bxf1 Qd6 26. Bc4 Nc3 27. Qf2 Re7 28. Bd2 Rce8 29. Rxe7 Rxe7 30. Kg2 a5 31. Be3 a4 32.
Nd3 Nd1 33. Qf4 Nxe3+ 0-1

[Event "Early-Titled-Tuesday-Blitz-September-05-2023"]
[Site "Chess.com"]
[Date "2023.09.05"]
[Round "7"]
[White "I_am_Javi"]
[Black "thedjoker98"]
[Result "1/2-1/2"]
[WhiteElo "2744"]
[BlackElo "2621"]
[TimeControl "180+1"]
[EndTime "9:15:56 PDT"]
[Termination "Game drawn - insufficient material"]

1. e4 e5 2. Nf3 Nc6 3. d4 exd4 4.
Bc4 Nf6 5. O-O Nxe4 6. Re1 d5 7.
Bxd5 Qxd5 8. Nc3 Qh5 9. Nxe4 Be6 10. Bg5 Bd6 11. Bf6 Bxh2+ 12. Nxh2 Qxd1 13. Raxd1 gxf6 14. Nxf6+ Ke7 15. Nh5 Rae8 16. Nf3 Rd8 17. Nf4 Kf6 18. Nh5+ Kg6 19. Nf4+ Kf6 20. Nxe6 fxe6 21. Re4 e5 22. a3 b5 23. g3 Rd5 24. Kg2 Rc5 25. Rh1 h5 26.
Re2 b4 27. Nd2 Kf5 28. Ne4 Ra5 29. axb4 Nxb4 30. f3 Ra2 31. g4+ Kg6 32. c3 Nd5 33. Rd2 Nf4+ 34. Kg3 d3 35. Nc5 Rb8 36. Rhh2 Ne2+ 37.
Kf2 hxg4 38. fxg4 Nxc3 39. Ke3 Rbxb2 40. Rxb2 Rxb2 41. Rxb2 Nd1+ 42. Kxd3 Nxb2+ 43. Ke4 Nc4 44. Kd5 Ne3+ 45. Kxe5 Nxg4+ 46. Kd5 Kf5 47. Kc6 a5 48. Kxc7 Ke5 49. Kb6 Kd5 50. Kxa5 1/2-1/2

[Event "Early-Titled-Tuesday-Blitz-September-05-2023"]
[Site "Chess.com"]
[Date "2023.09.05"]
[Round "7"]
[White "jeetjain"]
[Black "masterofpuppets2"]
[Result "0-1"]
[WhiteElo "2599"]
[BlackElo "2475"]
[TimeControl "180+1"]
[EndTime "9:15:56 PDT"]
[Termination "masterofpuppets2 won by resignation"]

1. d4 Nf6 2. Nf3 g6 3. Nbd2 c5 4. c3 d6 5. e4 Bg7 6. Bd3 O-O 7.
O-O Qc7 8. Qe2 b6 9. a3 Bb7 10. b4 e5 11. Bb2 Nc6 12. Nc4 Nh5 13.
b5 Ne7 14. dxe5 Nf4 15. Qc2 dxe5 16. g3 Nxd3 17. Qxd3 Rad8 18. Qe2 h6 19. Nfd2 f5 20. exf5 gxf5 21. f4 exf4 22. Rxf4 Ng6 23. Qe6+ Kh7 24. Rxf5 Rxf5 25. Qxf5 Qe7 26. Rf1 Rf8 27. Qd3 Rd8 28.
Qf5 Rf8 29. Qg4 Rxf1+ 30. Nxf1 Qe1 31. Ne3 Qb1 32. Qd7 Be4 33. Qd2 Ne5 34. a4 Nf3+ 35. Kf2 Nxd2 36. Nxd2 Qxb2 37. Ke1 Qxc3 38. Nc4 Bd3 39. Kd1 Bxc4 40. Ne4 Qd3+ 0-1

[Event "Early-Titled-Tuesday-Blitz-September-05-2023"]
[Site "Chess.com"]
[Date "2023.09.05"]
[Round "7"]
[White "TatjanaVasilevich"]
[Black "DKmirl"]
[Result "1-0"]
[WhiteElo "2446"]
[BlackElo "2261"]
[TimeControl "180+1"]
[EndTime "9:15:56 PDT"]
[Termination "TatjanaVasilevich won by checkmate"]

1. d4 Nf6 2. c4 e6 3. Nc3 Bb4 4. Bg5 h6 5. Bxf6 Qxf6 6. a3 Bxc3+ 7. bxc3 O-O 8. e4 d6 9. g3 b6 10. Bg2 e5 11. d5 Ba6 12. Qa4 Qe7 13. Nf3 Qd7 14.
Qxd7 Nxd7 15. Nd2 Nc5 16. O-O Nb7 17. Rfb1 Nc5 18. f4 Rfe8 19. f5 g6 20. g4 Kg7 21.
Kf2 gxf5 22. gxf5 Kf6 23. Ke3 Rg8 24. Bf3 Rg5 25. h4 Rg3 26. Rg1 Rag8 27. Rxg3 Rxg3 28. Kf2 Rg8 29. a4 Nb7 30. Be2 Na5 31. Rb1 Nb7 32.
Nb3 Ke7 33. a5 Nxa5 34. Nxa5 bxa5 35. Ra1 Rb8 36. Rxa5 Bc8 37. Rxa7 Rb7 38. Ra8 Kd8 39. f6 Rb2 40. Ke3 Rc2 41. Bg4 Rxc3+ 42. Kd2 Rxc4 43.
Rxc8# 1-0

[Event "Early-Titled-Tuesday-Blitz-September-05-2023"]
[Site "Chess.com"]
[Date "2023.09.05"]
[Round "7"]
[White "Just_Lucky_1"]
[Black "stepanosinovsky"]
[Result "1-0"]
[WhiteElo "2525"]
[BlackElo "2317"]
[TimeControl "180+1"]
[EndTime "9:15:59 PDT"]
[Termination "Just_Lucky_1 won by resignation"]

1. e4 e5 2. Nf3 Nc6 3. Bb5 a6 4.
Ba4 Nf6 5. O-O Be7 6. Re1 b5 7. Bb3 O-O 8. a4 Bb7 9. d3 d5 10. exd5 Nxd5 11. axb5 axb5 12. Rxa8 Bxa8 13. Nxe5 Nd4 14.
c3 Nxb3 15. Qxb3 Bd6 16. Nf3 Nf4 17. Bxf4 Bxf4 18. Qb4 Bd6 19. Qh4 f6 20. Nd4 Re8 21. Rxe8+ Qxe8 22. Kf1 Qe5 23. Nd2 b4 24. Qg4 Bb7 25.
Qe6+ Qxe6 26. Nxe6 bxc3 27. bxc3 Kf7 28. Nd8+ 1-0

[Event "Early-Titled-Tuesday-Blitz-September-05-2023"]
[Site "Chess.com"]
[Date "2023.09.05"]
[Round "7"]
[White "alpltl"]
[Black "nss13"]
[Result "0-1"]
[WhiteElo "2354"]
[BlackElo "2516"]
[TimeControl "180+1"]
[EndTime "9:15:59 PDT"]
[Termination "nss13 won by resignation"]

1. c3 Nf6 2. d4 e6 3. Bg5 h6 4.
Bh4 c5 5. e3 b6 6. Be2 Bb7 7.
Bf3 Bxf3 8. Nxf3 Be7 9. O-O O-O 10. Nbd2 cxd4 11. exd4 d6 12. a4 a6 13. Nc4 Qc7 14.
Qb3 Nbd7 15. h3 Qc6 16. Rfe1 b5 17. Ne3 Rfe8 18. Nc2 Nb6 19. a5 Nc4 20. Nb4 Qc7 21. Qa2 d5 22. Nd3 Ne4 23. Bxe7 Rxe7 24. Rec1 Ree8 25. b4 f6 26. Nc5 e5 27. Nxe4 dxe4 28. Nd2 exd4 29. cxd4 Rac8 30. Nb3 Qd6 31. Rd1 e3 32.
fxe3 Rxe3 33. Nc5 Rce8 34. Qf2 Re2 35. Qf3 R8e3 36. Qa8+ Kh7 37. Rd3 Qg3 38. Rxe3 Nxe3 39. Qe4+ f5 40. Qf3 Rxg2+ 0-1

[Event "Early-Titled-Tuesday-Blitz-September-05-2023"]
[Site "Chess.com"]
[Date "2023.09.05"]
[Round "7"]
[White "AlexPapasimakopoulos"]
[Black "ckgchess"]
[Result "1-0"]
[WhiteElo "2744"]
[BlackElo "2869"]
[TimeControl "180+1"]
[EndTime "9:16:00 PDT"]
[Termination "AlexPapasimakopoulos won by resignation"]

1. d4 Nf6 2. c4 e6 3. Nc3 d5 4. cxd5 exd5 5. Bg5 Be7 6. e3 h6 7. Bh4 Bg4 8. Qb3 Nbd7 9. h3 Be6 10. Nf3 O-O 11.
Bg3 c5 12. Qxb7 cxd4 13. exd4 Ne4 14. Bf4 Qa5 15. Qb5 Bb4 16. Qxa5 Bxa5 17. Rc1 Rfc8 18. Bd2 Nxd2 19. Nxd2 Rab8 20. Nb3 Bd8 21. Ba6 Rc7 22. O-O Bg5 23. f4 Bf6 24. f5 Rxb3 25. axb3 Bxd4+ 26. Kh1 Nc5 27. fxe6 Nxa6 28. Nxd5 Rxc1 29. exf7+ Kf8 30. Rxc1 Kxf7 31. Rc4 Bxb2 32. Ra4 Nc5 33. Rxa7+ Ke6 34. Nc7+ Ke5 35. b4 Nd3 36. b5 Bd4 37. Ra8 Kf4 38.
Ne6+ 1-0

[Event "Early-Titled-Tuesday-Blitz-September-05-2023"]
[Site "Chess.com"]
[Date "2023.09.05"]
[Round "7"]
[White "Rutricks"]
[Black "sergoy"]
[Result "0-1"]
[WhiteElo "2650"]
[BlackElo "2898"]
[TimeControl "180+1"]
[EndTime "9:16:00 PDT"]
[Termination "sergoy won by checkmate"]

1. Nf3 d5 2. b3 Bg4 3. Bb2 Nd7 4. e3 e6 5. Be2 Ngf6 6. h3 Bh5 7.
O-O Bd6 8. c4 c6 9. Nc3 O-O 10.
d4 Qe7 11. Rc1 Rfe8 12. Qd2 Ba3 13. Bxa3 Qxa3 14. c5 Bxf3 15. Bxf3 Qa5 16. b4 Qc7 17. b5 e5 18. bxc6 bxc6 19. Rb1 exd4 20. exd4 Nf8 21.
Rb4 Rab8 22. Rfb1 Rxb4 23. Rxb4 Rb8 24. Qb2 Rxb4 25. Qxb4 Ne6 26. g3 h5 27. h4 g6 28.
a4 Ne8 29. a5 N8g7 30. Bxd5 cxd5 31. Nxd5 Qd8 32. Qb7 Nf5 33. a6 Kg7 34. Qxa7 Qxd5 35.
Qb7 Qxd4 36. a7 Nxc5 37. Qc6 Ne4 38. Kh1 Qxf2 39. Qxe4 Nxg3# 0-1

[Event "Early-Titled-Tuesday-Blitz-September-05-2023"]
[Site "Chess.com"]
[Date "2023.09.05"]
[Round "7"]
[White "suspiciumchess"]
[Black "maurovargas01"]
[Result "1-0"]
[WhiteElo "2274"]
[BlackElo "1874"]
[TimeControl "180+1"]
[EndTime "9:16:00 PDT"]
[Termination "suspiciumchess won on time"]

1. d4 d5 2. c4 e6 3. Nf3 c6 4. g3 Nf6 5. Bg2 Nbd7 6. O-O dxc4 7. Nbd2 b5 8. a4 a6 9. b3 c3 10. Nb1 b4 11. Qc2 Bb7 12. e4 a5 13. Bf4 c5 14.
d5 exd5 15. exd5 Bxd5 16. Re1+ Be6 17. Ng5 Ra6 18. Bf1 Rb6 19. Bc4 Be7 20. Bxe6 fxe6 21. Nxe6 Rxe6 22. Rxe6 O-O 23. Nxc3 bxc3 24. Qxc3 Kh8 25.
Rae1 Nd5 26. Qd2 Nxf4 27. Rxe7 Nh3+ 28. Kg2 Nxf2 29. Qxd7 Qa8+ 30. Qb7 Qd8 31. Rf7 Rxf7 32. Qxf7 Qa8+ 33. Kxf2 1-0

[Event "Early-Titled-Tuesday-Blitz-September-05-2023"]
[Site "Chess.com"]
[Date "2023.09.05"]
[Round "7"]
[White "Tsyhanchuk_Stanislav"]
[Black "Karttunen"]
[Result "0-1"]
[WhiteElo "2415"]
[BlackElo "2587"]
[TimeControl "180+1"]
[EndTime "9:16:02 PDT"]
[Termination "Karttunen won by checkmate"]

1. e4 e6 2. d4 d5 3. Nc3 Bb4 4.
e5 c5 5. a3 Bxc3+ 6. bxc3 Qa5 7. Bd2 Qa4 8. Qg4 g6 9. h4 h5 10. Qf3 c4 11. Nh3 Nc6 12. Ng5 Nd8 13. Ra2 Bd7 14. Be2 Bc6 15. O-O Rc8 16. Nh3 Rc7 17. Bg5 b6 18. Bf6 Nxf6 19. Qxf6 Rg8 20. Ng5 Kd7 21.
Nxf7 Rf8 22. Qxg6 Rxf7 23. Bxh5 Kc8 24. f4 Rg7 25. Qh6 Be8 26. f5 Rh7 27. Bxe8 Qxe8 28.
Qf4 exf5 29. Qxf5+ Ne6 30. g3 Rcg7 31. Kh2 Qg8 32.
Rf3 Kb7 33. a4 a5 34. Ra1 Ka6 35. Raf1 Ng5 36. Rf4 Ne4 37. Rxe4 dxe4 38. Qxe4 Rxg3 39. e6 Rg4 40. Rf4 Rhxh4# 0-1

[Event "Early-Titled-Tuesday-Blitz-September-05-2023"]
[Site "Chess.com"]
[Date "2023.09.05"]
[Round "7"]
[White "HouseOfDurin"]
[Black "LeoWin2012"]
[Result "1-0"]
[WhiteElo "2281"]
[BlackElo "2214"]
[TimeControl "180+1"]
[EndTime "9:16:03 PDT"]
[Termination "HouseOfDurin won by resignation"]

1. d4 d5 2. Bg5 Qd6 3. a3 Nf6 4. Bxf6 Qxf6 5. e3 e6 6. c4 c6 7. Nc3 Bd6 8. f4 O-O 9. Nf3 dxc4 10. Bxc4 b5 11. Bb3 Bb7 12. O-O a6 13. Qd3 Nd7 14. Bc2 g6 15. Ne5 Bxe5 16. fxe5 Qe7 17. Ne4 c5 18.
Nf6+ Kh8 19. e4 Rfd8 20. Qh3 Nf8 21. Rf4 h5 22. Raf1 Nh7 23. Nxh5 gxh5 24. Rxf7 Qg5 25. d5 Rg8 26. R7f2 Raf8 27. Qxe6 Rxf2 28. Rxf2 Qc1+ 29. Rf1 Qxc2 30. Qh3 Qc1 31. Rxc1 Rg7 32. Rf1 1-0